Map: Abyssal Reef LE

Players

ViBE - Winner!

  • Race: Zerg Zerg
  • Spawn Location: 5:00

Allaryce

  • Race: Zerg Zerg
  • Spawn Location: 11:00

Event: WCS Austin 2017

VOD

Have the link to the VOD?

Description

Time

  • Played on: April 28, 2017, 1:26 p.m.
  • Length: 5:27

All games in this series

Show
View Real Time Build Order
Export as new Build Order

ViBE Zerg - Winner!

Build Orders: Pool First, Zergling Baneling 

Get SALT Encoding   

  12  0:01  Drone  
  13  0:13  Overlord  
  13  0:17  Drone  
  14  0:31  Drone  
  14  0:32  Drone  
  14  0:35  Drone  
  17  0:46  Spawning Pool  
  17  0:48  Extractor  
  15  0:51  Drone  
  15  0:57  Drone  
  17  1:18  Hatchery  
  16  1:23  Overlord  
  16  1:33  Zergling x4  
  19  1:40  Zergling x2  
  19  1:49  Metabolic Boost  
  19  1:50  Zergling x2  
  20  2:09  Queen  
  20  2:10  Baneling Nest  
  20  2:12  Zergling x2  
  20  2:15  Zergling x2  
  23  2:24  Zergling x2  
  24  2:31  Zergling x2  
  25  2:49  Zergling x4  
  25  2:50  Zergling x2  
  28  2:54  Baneling  
  28  2:55  Baneling  
  28  3:03  Overlord  
  28  3:04  Queen  
  25  3:20  Zergling x2  
  25  3:21  Zergling x8  
  25  3:22  Baneling x2  
  30  3:35  Drone x3  
  29  3:43  Zergling x4  
  31  3:54  Drone x2  
  32  3:56  Zergling x2  
  32  4:01  Baneling x2  
  33  4:06  Zergling x2  
  33  4:07  Zergling x2  
  33  4:08  Zergling x2  
  33  4:25  Zergling x10  
  32  4:33  Baneling x6  
  32  4:39  Queen  
  34  4:54  Drone  
  34  4:55  Drone x4  
  38  5:07  Drone x4  
  38  5:09  Drone  
Show
View Real Time Build Order
Export as new Build Order

Allaryce Zerg 

Build Orders: Pool First, Zergling Baneling 

Get SALT Encoding   

  12  0:01  Drone  
  13  0:18  Extractor  
  12  0:26  Spawning Pool  
  11  0:32  Drone  
  11  0:34  Drone  
  13  0:38  Drone  
  14  0:53  Overlord  
  14  1:13  Zergling x2  
  14  1:14  Zergling x2  
  14  1:16  Zergling x2  
  17  1:21  Metabolic Boost  
  17  1:30  Zergling x2  
  18  1:39  Zergling x2  
  19  1:42  Baneling Nest  
  18  1:49  Zergling x2  
  19  2:01  Queen, Zergling x2  
  22  2:09  Overlord  
  21  2:27  Zergling x2  
  21  2:46  Zergling x4  
  22  2:52  Baneling x2  
  22  2:55  Baneling  
  22  2:56  Baneling  
  20  3:20  Zergling x2  
  20  3:21  Zergling x4  
  21  3:32  Hatchery  
  18  3:39  Zergling x2  
  18  3:50  Zergling x2  
  19  3:56  Zergling x6  
  19  3:58  Baneling x2  
  19  4:00  Zergling x2  
  23  4:09  Baneling x2  
  8  4:32  Zergling x10  
  13  4:56  Drone  
  14  5:03  Baneling  
Tags
 
Add a new tag
Caveats
  • Supply blocks, unpowered buildings, or Contaminate may cause inaccurate times.
  • Supply counts are checked every 10 seconds.